 Dungeon Crawl Stone Soup version 0.28-a0-906-g0406aca7d3 (webtiles) character file.

Game seed: 9582775703531523880

26 mcbry74 the Chopper (level 3, 31/31 HPs)
             Began as a Hill Orc Gladiator on Nov 23, 2021.
             Was a Follower of Sif Muna.
             Quit the game on level 1 of the Dungeon.
             The game lasted 00:03:46 (1247 turns).

mcbry74 the Chopper (Hill Orc Gladiator)            Turns: 1247, Time: 00:03:46

Health: 31/31      AC:  4    Str: 17    XL:     3   Next: 8%
Magic:  3/3        EV: 12    Int:  8    God:    Sif Muna [*.....]
Gold:   44         SH:  0    Dex: 12    Spells: 2/2 levels left

rFire   . . .      SeeInvis .   a - +0 war axe
rCold   . . .      Faith    .   (no shield)
rNeg    . . .      Spirit   .   b - +0 leather armour
rPois   .          Reflect  .   c - +0 helmet
rElec   .          Harm     .   (no cloak)
rCorr   .          Rampage  .   (no gloves)
Will    .....                   (no boots)
Stlth   +.........              (no amulet)
HPRegen 0.10/turn               (no ring)
MPRegen 0.08/turn               (no ring)

@: no status effects
A: no striking features
a: Renounce Religion, Channel Magic


You were on level 1 of the Dungeon.
You worshipped Sif Muna.
Sif Muna was aware of your devotion.
You visited 1 branch of the dungeon, and saw 1 of its levels.

You collected 44 gold pieces.

Inventory:

Hand Weapons
 a - a +0 war axe (weapon)
Missiles
 d - 3 throwing nets (quivered)
Armour
 b - a +0 leather armour (worn)
 c - a +0 helmet (worn)
Scrolls
 f - a scroll of identify {unknown}
 i - a scroll of blinking {unknown}
Potions
 e - 2 potions of might {unknown}
 g - a potion of heal wounds {unknown}
 h - a potion of flight {unknown}


   Skills:
 + Level 3.4 Fighting
 + Level 4.8 Axes
 - Level 1.7 Throwing
 - Level 2.4 Dodging


You had 2 spell levels left.
You didn't know any spells.
Your spell library contained the following spells:

 Spells                   Type           Power      Damage    Failure   Level
 Leda's Liquefaction      Hex/Erth       0%         N/A       99%         4
 Lee's Rapid Deconstruct  Erth           0%         3d5*      100%        5
 Statue Form              Tmut/Erth      0%         N/A       100%        6


Dungeon Overview and Level Annotations

Branches:
Dungeon (1/15)

Altars:
Sif Muna


Message History

You slash the rat!
You kill the rat!
There is an open door here.
You open the door.
A ball python comes into view.
Found a faded altar of an unknown god.
A ball python is nearby!
There is an open door here.
The helpless ball python fails to defend itself.
You hit the ball python.
The ball python is moderately wounded.
You hit the plant.
The plant begins to die.
You hit the plant.
The plant begins to die.
You slash the plant!
The plant begins to die.
You slash the plant!
The plant begins to die.
The ball python bites you but does no damage.
The ball python grabs you. The ball python constricts you.
The ball python barely misses you. The ball python constricts you.
You barely miss the ball python.
The ball python is moderately wounded.
You hit the plant. You hit the plant but do no damage. You hit the plant. x2
The ball python barely misses you. The ball python constricts you.
You hit the ball python.
You kill the ball python!
You hit the plant. You hit the plant but do no damage. You hit the plant.
You slash the plant!
A nearby plant withers and dies. x2
A nearby plant withers and dies. x2
There is an open door here.
There is an open door here.
You see here a ball python corpse.
There is a faded altar of an unknown god here.
You cannot tell which god this altar belongs to.
Convert to them anyway?
Sif Muna accepts your prayer! Sif Muna welcomes you!
You can now call upon Sif Muna for magical energy.
Okay, then.
Unknown command.
Press < or > to pray at altars.
Unknown command.
Press < or > to pray at altars.
Are you sure you want to abandon this character and quit the game? (Confirm with "yes".)

.#
#..............##.........
##
#..............##.........
#...............#.........
#...............#.........
#..(............#.........
#...............#.........
#...............#.........
#......[♣♣♣.....#.........
#......♣♣@♣♣....##########
#.....♣♣P.P♣♣....#
#....♣♣PP.P.♣♣...#
#...♣♣.P.†..P♣♣..#
#...♣PP....P.♣♣..#
#...♣.###'###♣♣..#
#...♣♣#.....#♣♣..#
#.#.♣÷#..8..#÷♣.##
#.#.♣♣#.....#♣♣.#


There were no monsters in sight!

Vanquished Creatures
  4 ball pythons (D:1)
  2 bats (D:1)
  2 giant cockroaches (D:1)
  A goblin (D:1)
  2 hobgoblins (D:1)
  4 jackals (D:1)
  2 kobolds (D:1)
  2 quokkas (D:1)
  A frilled lizard (D:1)
  3 rats (D:1)
23 creatures vanquished.

Vanquished Creatures (others)
  4 plants (D:1)
4 creatures vanquished.

Grand Total: 27 creatures vanquished

Notes
Turn   | Place    | Note
-------+----------+-------------------------------------------
     0 | D:1      | mcbry74 the Hill Orc Gladiator began the quest for the Orb.
     0 | D:1      | Reached XP level 1. HP: 18/18 MP: 1/1
   286 | D:1      | Reached XP level 2. HP: 19/25 MP: 2/2
  1181 | D:1      | Reached XP level 3. HP: 30/31 MP: 3/3
  1232 | D:1      | Found a faded altar of an unknown god.
  1246 | D:1      | Prayed at the altar of an unknown god.
  1246 | D:1      | Became a worshipper of Sif Muna the Loreminder
  1246 | D:1      | Reached * piety under Sif Muna
  1247 | D:1      | Quit the game

Illustrated notes

Levels and vault maps discovered:
D:1:      lightli_arrival_quake, layout_basic,
          dilly_ecumenical_altar_fadedgnrine, minivault_27

Skill      XL: |  1  2 |
---------------+-------+-----
Fighting       | 3 |  3.4
Axes           | |  4.8
Throwing       | |  1.7
Dodging        | |  2.4

Action                   || total
-------------------------++-------
Melee: War axe           ||    74
 Stab: Sleeping          ||     1
Armor: Leather armour    ||    34
Dodge: Dodged            ||    63

Table legend: (Time is in decaauts)
 A = Elapsed time spent in this place.
 B = Non-inter-level travel time spent in this place.
 C = Inter-level travel time spent in this place.
 D = Time resting spent in this place.
 E = Time spent auto-exploring this place.
 F = Levels seen in this place.
 G = Mean time per level.
                   A        B        C        D        E       F      G
               +--------+--------+--------+--------+--------+-----+--------+
         Total |   1266 |   1266 |      0 |    230 |    866 |   1 | 1266.0 |
       Dungeon |   1266 |   1266 |      0 |    230 |    866 |   1 | 1266.0 |
               +--------+--------+--------+--------+--------+-----+--------+

Top non-repeatable levels by time:
     D:1: 1266 daAuts
